 Dungeon Sprint DCSS version 0.31-a0-868-g674d60d6f7 (webtiles) character file.

Game seed: 6725221607045956178

253 rocky1 the Nimble (level 6, -2/47 HPs)
             Began as a Djinni Gladiator on Oct 12, 2023.
             Slain by a water moccasin (5 damage)
             ... in the Dungeon (Sprint II: "The Violet Keep of Menkaure").
             The game lasted 00:00:23 (30 turns).

rocky1 the Nimble (Djinni Gladiator)                  Turns: 30, Time: 00:00:24

Health: -2/47      AC:  4    Str: 13      XL:     6   Next: 37%
Gold:   0          EV: 16    Int:  9      God:
                   SH:  0    Dex: 16 (17)

rFire   + + .        a - +0 long sword
rCold   x . .        (no shield)
rNeg    . . .        b - +0 leather armour
rPois   ∞            c - +0 helmet
rElec   .            (no cloak)
rCorr   .            (no gloves)
SInv    .            (boots unavailable)
Will    .....        (no amulet)
Stlth   +            (no ring)
HPRegen 0.27/turn    (no ring)
MPRegen 0.00/turn

%: no teleportation, infuse magic (-3 HP)
@: on berserk cooldown, flying, slowed, unable to drink, very slow
A: sickness immunity, fire resistance 2, cold vulnerability 1, float, innate
caster, HP casting, extra vitality 1, deterioration 2, inability to drink after
injury 1
a: no special abilities


You were in the Dungeon.
You visited 1 branch

Inventory:

Hand Weapons
 a - a +0 long sword (weapon)
Missiles
 d - 3 throwing nets (quivered)
 e - a javelin
Armour
 b - a +0 leather armour (worn)
 c - a +0 helmet (worn)
Scrolls
 j - a scroll of blinking
Potions
 f - a potion of curing
 g - a potion of heal wounds
 h - a potion of haste


   Skills:
 + Level 4.2 Fighting
 + Level 7.9 Long Blades
 + Level 3.5 Throwing
 + Level 8.7 Dodging


You knew the following spells:

 Your Spells              Type           Power      Damage    Failure   Level
a - Kiss of Death         Conj/Necr      0%         2d5       45%         1
b - Scorch                Fire           0%         2d5       61%         2
Your spell library was empty.

Dungeon Overview and Level Annotations

Branches:
Dungeon (1/1)

Altars:

Annotations:
D Menkaure


Innate Abilities, Weirdness & Mutations

You are immune to sickness and miasma.
You are immune to poison.
Your flesh is very heat resistant. (rF++)
You are vulnerable to cold. (rC-)
You float through the air rather than walking.
You learn spells naturally, not from books.
Your magical power is your life essence.
You have superior vitality. (+4 MHP)
Your body often deteriorates upon taking damage.
You occasionally lose the ability to drink potions when taking damage.


Message History

You barely miss the neqoxec.
The neqoxec is almost dead.
You slash the neqoxec!
You kill the neqoxec!
Your Fighting skill increases to level 4!
Your Long Blades skill increases to level 7!
Your Throwing skill increases to level 3!
Your Dodging skill increases to level 8!
You have reached level 6!
Unknown command.
Unknown command.
A neqoxec and Menkaure come into view.
Found 243 gold pieces.
The neqoxec shouts!
Menkaure shouts!
Menkaure is engulfed in a cloud of scalding steam.
A neqoxec comes into view.
Unknown command.
You feel a strong urge to attack something.
You start resting.
You are no longer berserk.
You are exhausted.
You feel yourself slow down.
You start resting.
A water moccasin comes into view.
The water moccasin hisses angrily.
The water moccasin closely misses you.
A water moccasin is nearby!
You miss the water moccasin.
The water moccasin is lightly wounded.
The water moccasin bites you but does no damage.
The water moccasin bites you.
* * * LOW HITPOINT WARNING * * *
You feel threatened and lose the ability to drink potions!
You miss the water moccasin.
The water moccasin is lightly wounded.
The water moccasin bites you!
* * * LOW HITPOINT WARNING * * *
Your body deteriorates!
You feel clumsy. The water moccasin bites you.
You die...

###
#+###S#
##.##@#.#
+.<.'##$'.
##.###
.#... #+#
##.....


B#B 3.3. .. .. ~M. ##$ .## ~~§ ## ## You could see a water moccasin.

Vanquished Creatures
  2 neqoxecs (D)
2 creatures vanquished.

Notes
Turn   | Place    | Note
-------+----------+-------------------------------------------
     0 | D        | rocky1 the Djinni Gladiator began the quest for the Orb.
     0 | D        | Reached XP level 1. HP: 18/18 MP: 0/0
     1 | D        | Noticed a boulder beetle
     1 | D        | Noticed a boulder beetle
     5 | D        | Noticed a neqoxec
    10 | D        | Gained mutation: Your body sometimes deteriorates upon
                  | taking damage. [a neqoxec]
    13 | D        | Killed a neqoxec
    13 | D        | Noticed a neqoxec
    14 | D        | Reached skill level 7 in Dodging
    14 | D        | Reached XP level 2. HP: 12/25 MP: 0/0
    14 | D        | Reached XP level 3. HP: 15/30 MP: 0/0
    14 | D        | Learned a level 1 spell: Kiss of Death
    14 | D        | Reached XP level 4. HP: 17/35 MP: 0/0
    14 | D        | Reached XP level 5. HP: 20/40 MP: 0/0
    14 | D        | Learned a level 2 spell: Scorch
    15 | D        | Gained mutation: You occasionally lose the ability to drink
                  | potions when taking damage. [a neqoxec]
    19 | D        | Gained mutation: Your body often deteriorates upon taking
                  | damage. [a neqoxec]
    21 | D        | Killed a neqoxec
    22 | D        | Reached skill level 8 in Dodging
    22 | D        | Reached XP level 6. HP: 17/47 MP: 0/0
    22 | D        | Noticed a neqoxec
    22 | D        | Noticed Menkaure
    22 | D        | Noticed a neqoxec
    28 | D        | Noticed a water moccasin
    30 | D        | Slain by a water moccasin

Illustrated notes

Levels and vault maps discovered:
D:        the_violet_keep_of_menkaure [sprint2_stairs_cluster_1,
          sprint2_shoproom, sprint2_temple, sprint2_basic_supplies,
          sprint2_obstacle_2, sprint2_obstacle_5, sprint2_obstacle_7,
          sprint2_obstacle_6, sprint2_obstacle_1, sprint2_timed_cluster_1,
          sprint2_smallroom_cluster_1, sprint2_smallroom_final_cluster_1,
          sprint2_transparent_cluster_1, sprint2_second_timed_cluster_1,
          sprint2_sniper_area_1, sprint2_heavy_combat_area_1,
          sprint2_mutation_trap_area_1, sprint2_forest_area_1,
          sprint2_light_combat_area_1, sprint2_behind_water_1,
          sprint2_near_end_vault_1]

Skill      XL: |  1  2  3  4  5 |
---------------+----------------+-----
Fighting       | 3 4 |  4.2
Long Blades    | 6 7 |  7.9
Throwing       | 2 3 |  3.5
Dodging        | 7 8 |  8.7

Action                     |  1- 3 |  4- 6 || total
---------------------------+-------+-------++-------
  Melee: Long sword        |     6 |     9 ||    15
    Use: Potion            |     1 |       ||     1
 Armour: Leather armour    |     2 |     5 ||     7
  Dodge: Dodged            |     2 |     2 ||     4

Table legend: (Time is in decaauts)
 A = Elapsed time spent in this place.
 B = Non-inter-level travel time spent in this place.
 C = Inter-level travel time spent in this place.
 D = Time resting spent in this place.
 E = Time spent auto-exploring this place.
 F = Levels seen in this place.
 G = Mean time per level.
                   A        B        C        D        E       F      G
               +--------+--------+--------+--------+--------+-----+--------+
         Total |     28 |     28 |      0 |      6 |      0 |   1 |   28.0 |
       Dungeon |     28 |     28 |      0 |      6 |      0 |   1 |   28.0 |
               +--------+--------+--------+--------+--------+-----+--------+

Top non-repeatable levels by time:
       D: 28 daAuts
